Map: [ESL] Goldenaura

Players

Rhizer - Winner!

  • Race: Protoss Protoss
  • Spawn Location: 12:00

DnS

  • Race: Protoss Protoss
  • Spawn Location: 5:00

Event: ESL SC2 Masters 2023 Winter (Finals)

VOD

Have the link to the VOD?

Description

Time

  • Played on: Dec. 15, 2023, 10:56 a.m.
  • Length: 12:44

All games in this series

Show
View Real Time Build Order
Export as new Build Order

Rhizer Protoss - Winner!

Build Orders:  

Get SALT Encoding   

  12  0:00  Probe  
  13  0:12  Probe  
  14  0:17  Pylon  
  14  0:24  Probe (Chrono Boost)  
  15  0:36  Probe (Chrono Boost)  
  15  0:39  Gateway  
  16  0:45  Probe (Chrono Boost)  
  16  0:46  Assimilator  
  17  0:51  Probe  
  17  0:55  Assimilator  
  18  1:03  Probe  
  19  1:09  Gateway  
  19  1:15  Probe  
  20  1:25  Cybernetics Core  
  20  1:27  Probe  
  20  1:32  Pylon  
  21  1:39  Probe  
  22  1:51  Probe  
  23  2:00  Warp Gate (Chrono Boost)  
  23  2:02  Adept x2  
  23  2:08  Pylon  
  27  2:15  Probe  
  28  2:32  Adept x2  
  32  2:47  Nexus  
  31  3:00  Robotics Facility  
  31  3:09  Adept x2  
  35  3:16  Shield Battery  
  35  3:22  Pylon  
  35  3:34  Gateway  
  35  3:47  Adept x2  
  39  3:49  Observer (Chrono Boost)  
  40  4:08  Immortal (Chrono Boost)  
  44  4:13  Sentry x2  
  48  4:18  Probe x2  
  50  4:33  Warp Prism (Chrono Boost)  
  50  4:37  Sentry  
  54  4:39  Sentry  
  56  4:49  Sentry  
  58  4:54  Pylon  
  55  5:08  Stalker  
  54  5:25  Stalker  
  54  5:37  Zealot  
  54  5:38  Zealot  
  54  6:07  Zealot  
  54  6:08  Zealot x2  
  54  6:09  Probe (Chrono Boost)  
  54  6:10  Probe (Chrono Boost)  
  62  6:12  Assimilator  
  63  6:19  Probe (Chrono Boost)  
  57  6:27  Probe x2  
  55  6:34  Zealot x3  
  55  6:39  Probe x2  
  53  6:51  Probe  
  53  6:52  Probe  
  51  6:57  Zealot x2  
  51  7:11  Stalker  
  51  7:13  Probe  
  51  7:14  Probe  
  51  7:15  Observer  
  43  7:25  Probe  
  43  7:28  Probe  
  43  7:30  Assimilator  
  43  7:38  Stalker x2  
  43  7:42  Probe (Chrono Boost)  
  43  7:43  Probe (Chrono Boost)  
  49  7:54  Probe (Chrono Boost)  
  49  7:55  Probe (Chrono Boost)  
  51  8:03  Probe x2 (Chrono Boost)  
  51  8:04  Twilight Council  
  53  8:06  Adept  
  53  8:10  Adept  
  57  8:18  Probe  
  57  8:19  Probe  
  59  8:21  Pylon  
  59  8:31  Immortal, Probe x2  
  61  8:41  Zealot x2, Blink (Chrono Boost)  
  63  8:46  Shield Battery  
  63  8:57  Probe  
  63  9:02  Gateway x2  
  64  9:03  Probe  
  64  9:20  Stalker x2  
  64  9:21  Stalker  
  66  9:27  Probe  
  65  9:31  Gateway  
  65  9:33  Gateway, Probe  
  66  9:47  Stalker x3  
  66  9:48  Pylon  
  70  9:55  Probe x2  
  70  9:59  Pylon  
  72  10:03  Stalker x2  
  76  10:10  Probe  
  77  10:18  Pylon  
  76  10:26  Stalker x4  
  84  10:42  Observer, Stalker x3  
  88  10:51  Zealot x3  
  88  10:53  Pylon  
  88  10:54  Pylon  
  94  11:11  Pylon  
  90  11:15  Sentry x3  
  90  11:16  Stalker  
  90  11:17  Stalker  
  90  11:18  Zealot  
  101  11:32  Nexus  
  99  11:44  Stalker x4  
  99  11:53  Stalker x2  
  85  12:02  Stalker  
  79  12:15  Stalker x2  
  79  12:16  Stalker  
  81  12:26  Stalker x2  
  81  12:27  Zealot  
  81  12:29  Probe (Chrono Boost)  
  87  12:35  Probe (Chrono Boost)  
  87  12:37  Zealot  
  87  12:39  Zealot x2  
Show
View Real Time Build Order
Export as new Build Order

DnS Protoss 

Build Orders:  

Get SALT Encoding   

  12  0:00  Probe  
  13  0:12  Probe  
  14  0:17  Pylon  
  14  0:24  Probe (Chrono Boost)  
  15  0:36  Probe (Chrono Boost)  
  15  0:37  Gateway  
  16  0:44  Probe (Chrono Boost)  
  16  0:46  Assimilator  
  17  0:50  Probe  
  17  0:55  Assimilator  
  18  1:03  Probe (Chrono Boost)  
  19  1:08  Gateway  
  19  1:13  Probe (Chrono Boost)  
  20  1:20  Probe  
  20  1:25  Cybernetics Core  
  21  1:32  Probe  
  22  1:35  Pylon  
  22  1:44  Probe  
  23  1:56  Probe  
  24  2:01  Stalker  
  24  2:02  Warp Gate, Stalker  
  28  2:12  Pylon  
  28  2:31  Stalker  
  28  2:32  Stalker  
  32  2:44  Robotics Facility  
  32  3:00  Shield Battery  
  32  3:05  Sentry  
  32  3:06  Sentry  
  36  3:14  Nexus  
  36  3:18  Probe  
  37  3:22  Pylon  
  37  3:34  Probe  
  37  3:38  Warp Prism (Chrono Boost)  
  40  3:45  Stalker x2  
  40  3:46  Probe  
  41  4:02  Stalker x2  
  45  4:11  Probe  
  45  4:15  Shield Battery  
  46  4:23  Probe  
  47  4:25  Probe  
  47  4:30  Shield Battery  
  48  4:32  Adept x2  
  52  4:39  Probe  
  52  4:41  Probe  
  52  4:43  Observer  
  55  4:51  Probe  
  56  5:00  Probe  
  56  5:04  Immortal  
  61  5:18  Probe  
  62  5:24  Pylon x2  
  62  5:34  Shield Battery  
  62  5:36  Shield Battery  
  62  5:38  Pylon  
  62  5:42  Probe  
  63  5:43  Sentry x2  
  63  5:45  Immortal (Chrono Boost)  
  63  6:00  Gateway  
  63  6:06  Adept x2  
  63  6:16  Shield Battery  
  57  6:27  Adept x2  
  56  6:33  Shield Battery  
  40  6:48  Adept x2  
  39  6:55  Adept  
  35  7:08  Adept x2  
  35  7:10  Probe x2  
  39  7:18  Adept  
  39  7:19  Immortal  
  43  7:28  Probe x2  
  43  7:40  Stargate, Probe  
  44  7:45  Stalker x2  
  44  7:48  Stalker  
  50  7:55  Probe x2  
  52  8:11  Sentry x2  
  52  8:12  Adept  
  58  8:13  Probe x2  
  60  8:25  Phoenix (Chrono Boost)  
  59  8:46  Immortal (Chrono Boost)  
  59  8:47  Probe x2  
  65  8:48  Assimilator  
  65  8:54  Pylon  
  65  8:59  Probe  
  66  9:03  Twilight Council  
  67  9:10  Probe  
  67  9:22  Probe  
  67  9:23  Immortal, Probe  
  73  9:34  Blink (Chrono Boost)  
  73  9:43  Observer  
  73  9:48  Gateway  
  73  9:57  Stalker x3  
  79  10:07  Nexus  
  79  10:15  Probe x2, Pylon  
  81  10:28  Sentry x2  
  81  10:29  Sentry  
  81  10:34  Pylon  
  81  10:35  Probe x2  
  89  10:36  Pylon  
  87  10:45  Warp Prism (Chrono Boost)  
  89  10:52  Observer  
  89  10:54  Probe  
  89  10:55  Probe  
  91  10:58  Observer  
  89  11:05  Shield Battery  
  89  11:11  Sentry, Stalker x2  
  91  11:23  Immortal  
  95  11:25  Shield Battery  
  95  11:27  Shield Battery  
  95  11:34  Sentry  
  95  11:35  Sentry, Stalker  
  57  12:02  Stalker x3  
  57  12:04  Immortal (Chrono Boost)  
  65  12:19  Probe x3  
  61  12:26  Stalker x3  
Tags
 
Add a new tag
Caveats
  • Supply blocks, unpowered buildings, or Contaminate may cause inaccurate times.
  • Supply counts are checked every 10 seconds.